 Dungeon Crawl Stone Soup version 0.23.2-40-g277498a001 (webtiles) character file.

Game seed: 4246799251937863353

3902 ikselatri the Cleaver (level 10, -5/91 HPs)
             Began as a Minotaur Fighter on Sept 23, 2019.
             Was a Follower of Okawaru.
             Slain by an unseen horror (10 damage)
             ... on level 7 of the Dungeon.
             The game lasted 00:17:59 (5914 turns).

ikselatri the Cleaver (Minotaur Fighter)            Turns: 5914, Time: 00:17:59

Health: -5/91      AC:  9    Str: 28    XL:     10   Next: 0%
Magic:  11/11      EV:  8    Int:  3    God:    Okawaru [*.....]
Gold:   353        SH: 10    Dex: 10    Spells: 9/9 levels left

rFire    . . .     SeeInvis .   v - +2 hand axe (elec)
rCold    . . .     Gourm    .   c - +0 shield
rNeg     . . .     Faith    .   F - +0 ring mail of Weifod {Str+4 Int-2}
rPois    .         Spirit   .   (helmet restricted)
rElec    .         Reflect  .   i - +0 cloak
rCorr    +         Harm     .   y - +0 pair of gloves
MR       .....                  (no boots)
Stlth    ..........             (no amulet)
HPRegen  0.25/turn              o - ring of resist corrosion
MPRegen  0.12/turn              (no ring)

@: no status effects
A: retaliatory headbutt, horns 2
a: Heroism, Renounce Religion


You were on level 7 of the Dungeon.
You worshipped Okawaru.
Okawaru was aware of your devotion.
You were not hungry.

You visited 2 branches of the dungeon, and saw 8 of its levels.
You also visited: Ossuary.

You collected 353 gold pieces.

Inventory:

Hand Weapons
 v - a +2 hand axe of electrocution (weapon)
 C - a +0 dire flail
Missiles
 h - 194 stones (quivered)
Armour
 c - a +0 shield (worn)
 i - a +0 cloak (worn)
 y - a +0 pair of gloves (worn)
 F - the +0 ring mail of Weifod (worn) {Str+4 Int-2}
   (You found it on level 6 of the Dungeon)

   It affects your strength (+4).
   It affects your intelligence (-2).
 G - a +0 plate armour
Jewellery
 o - a ring of resist corrosion (left hand)
Wands
 b - a wand of polymorph (9)
 r - a wand of iceblast (8)
 E - a wand of clouds (7)
Scrolls
 a - a scroll of enchant armour {unknown}
 j - 2 scrolls of random uselessness {unknown}
 k - 3 scrolls of amnesia {unknown}
 m - 4 scrolls of remove curse {unknown}
 n - 5 scrolls of teleportation {unknown}
 p - 3 scrolls of fog {unknown}
 q - 5 scrolls of identify {unknown}
 t - 2 scrolls of fear {unknown}
 x - 2 scrolls of immolation {unknown}
 D - 3 scrolls of noise {unknown}
Potions
 d - 2 potions of might
 e - 5 potions of curing {unknown}
 g - 5 potions of lignification {unknown}
 l - 2 potions of agility {unknown}
 s - 2 potions of flight {unknown}
 u - a potion of magic {unknown}
 w - 3 potions of heal wounds {unknown}
 z - a potion of haste {unknown}
 A - a potion of degeneration {unknown}
 B - a potion of ambrosia {unknown}
Comestibles
 f - 12 rations
 H - 2 chunks of flesh


   Skills:
 + Level 9.2 Fighting
 * Level 11.9 Axes
 + Level 9.2 Armour
 - Level 3.6 Shields
 + Level 2.8 Invocations


You had 9 spell levels left.
You didn't know any spells.
Your spell library was empty.

Dungeon Overview and Level Annotations

Branches:
Dungeon (7/15)             Temple (1/1) D:5

Altars:
Ashenzari
Cheibriados
Elyvilon
Fedhas
Gozag
Hepliaklqana
Kikubaaqudgha
Makhleb
Nemelex Xobeh
Okawaru
Qazlal
Ru
Sif Muna
Vehumet
Xom
Yredelemnul
Zin
The Shining One


Innate Abilities, Weirdness & Mutations

You reflexively headbutt those who attack you in melee.
You have a pair of horns on your head.


Message History

Something hits you.
* * * LOW HITPOINT WARNING * * *
Unknown command.
Something hits you.
* * * LOW HITPOINT WARNING * * *
Something hits you.
* * * LOW HITPOINT WARNING * * *
Something hits you but does no damage.
You enter the shallow water.
Moving in this stuff is going to be slow.
Something hits you but does no damage. Something hits you!
* * * LOW HITPOINT WARNING * * *
Something hits you.
* * * LOW HITPOINT WARNING * * *
You block something's attack.
You closely miss something. You headbutt something! Something hits you.
* * * LOW HITPOINT WARNING * * *
Something hits you!
You die...

)###.#.# #.# ###
######.#####
.##...######
.####..........#
.###'##≈()P.
..#>...###.###.#
.###.#;;≈≈P.
#.#....# #.# #.#
...#.#≈!.P..
#≈####.# #.# #.#
####.#≈≈≈.P. #≈##
#.# #.# #.#
#≈##≈./≈. #≈≈###.#
#.# #.#
##≈##########.##(.#
#.# #.#
##≈##≈≈.≈..#@.####
#.# #.#
#≈#≈≈;.P..'#.#
#.###.#
######.#≈?......#≈#
#..##.#
(....#.#≈;?PP...#≈#
##....#
...###.##≈!....##≈#
##.### ##.#
##≈########≈## #.#
#.# ##≈≈≈≈....##
#.# #.# ##########
#.# #.# #.#


You could see 2 electric eels.

Vanquished Creatures
  Grinder (D:3)
  3 hippogriffs (D:7)
  3 ice beasts
  2 orc warriors
  2 sky beasts (D:5)
  2 ogres
  2 phantoms
  4 centaurs
  5 elf zombies (Ossuary)
  A bullfrog (D:6)
  2 scorpions
  A killer bee (D:7)
  A crimson imp (D:5)
  A quasit (D:6)
  4 centaur zombies (Ossuary)
  3 human zombies (Ossuary)
  2 hounds
  3 jellies
  3 orc priests
  9 orc wizards
  4 centaur skeletons
  An iguana (D:5)
  3 worker ants
  A hound zombie (D:5)
  3 mummies (Ossuary)
  4 gnolls
  2 howler monkey skeletons (D:5)
  4 adders
  A shadow imp (D:6)
  An ooze (D:5)
  2 adder skeletons
  4 worms
  3 dart slugs
  6 leopard geckos
  22 orcs
  9 giant cockroaches
  5 hobgoblins
  17 jackals
  3 quokkas
  A ball python (D:3)
  6 bats
  7 frilled lizards
  9 goblins
  A hobgoblin zombie (D:5)
  3 jackal zombies
  6 kobolds
  A leopard gecko zombie (D:6)
  A quokka skeleton (D:7)
  7 rats
  A rat zombie (D:4)
  A plant (D:5)
193 creatures vanquished.

Notes
Turn   | Place    | Note
-------+----------+-------------------------------------------
     0 | D:1      | ikselatri the Minotaur Fighter began the quest for the Orb.
     0 | D:1      | Reached XP level 1. HP: 19/19 MP: 0/0
   116 | D:1      | Reached skill level 3 in Axes
   116 | D:1      | Reached XP level 2. HP: 25/27 MP: 1/1
   302 | D:1      | Reached XP level 3. HP: 28/33 MP: 2/2
   533 | D:2      | Found an opulent altar of Gozag.
   573 | D:2      | Reached skill level 4 in Axes
   727 | D:2      | Reached XP level 4. HP: 32/41 MP: 3/3
   926 | D:2      | Found a burning altar of Makhleb.
  1134 | D:3      | Noticed Grinder
  1146 | D:3      | Killed Grinder
  1146 | D:3      | Reached skill level 5 in Fighting
  1146 | D:3      | Reached skill level 5 in Axes
  1146 | D:3      | Reached skill level 5 in Armour
  1146 | D:3      | Reached XP level 5. HP: 23/48 MP: 4/4
  1146 | D:3      | Reached XP level 6. HP: 27/56 MP: 5/5
  1318 | D:3      | Found an iron altar of Okawaru.
  1327 | D:3      | Found a hazy altar of Hepliaklqana.
  1587 | D:3      | Reached skill level 6 in Axes
  1955 | D:3      | Found a blossoming altar of Fedhas.
  2042 | D:4      | Reached XP level 7. HP: 50/62 MP: 6/6
  2134 | D:4      | Reached skill level 7 in Axes
  2428 | D:4      | Found an ancient bone altar of Kikubaaqudgha.
  2660 | D:5      | Entered Level 5 of the Dungeon
  2691 | D:5      | Found a sparkling altar of Nemelex Xobeh.
  2718 | D:5      | Found a snail-covered altar of Cheibriados.
  2740 | D:5      | Reached skill level 8 in Axes
  2855 | D:5      | Reached XP level 8. HP: 50/71 MP: 7/7
  2864 | D:5      | Found a sand-covered staircase.
  2873 | Ossuary  | Entered an ossuary
  3048 | Ossuary  | Reached skill level 9 in Axes
  3234 | D:5      | Reached skill level 10 in Axes
  3480 | D:5      | Reached XP level 9. HP: 81/81 MP: 8/8
  3525 | D:5      | Found a staircase to the Ecumenical Temple.
  3534 | Temple   | Entered the Ecumenical Temple
  3862 | D:3      | Became a worshipper of Warmaster Okawaru
  4810 | D:6      | Got a steaming ring mail
  4821 | D:6      | Identified the +0 ring mail of Weifod {Str+4 Int-2} (You
                  | found it on level 6 of the Dungeon)
  4858 | D:6      | Reached skill level 11 in Axes
  4938 | D:6      | Reached skill level 1 in Invocations
  5180 | D:7      | Reached * piety under Okawaru
  5886 | D:7      | Reached XP level 10. HP: 88/91 MP: 11/11
  5914 | D:7      | Slain by an unseen horror

Skill      XL: |  1  2  3  4  5  6  7  8  9 |
---------------+----------------------------+-----
Axes           | 3 4 5 6 8 10 11 | 11.9
Armour         | 4 5 6 7 9 |  9.2
Fighting       | 4 5 6 7 9 |  9.2
Invocations    | 2 |  2.8
Shields        | |  3.6

Action                   |  1- 3 |  4- 6 |  7- 9 | 10-12 || total
-------------------------+-------+-------+-------+-------++-------
Melee: War axe           |    72 |    74 |       |       ||   146
       Headbutt          |    14 |    16 |    74 |     2 ||   106
       Hand axe          |       |     6 |   315 |     2 ||   323
  Eat: Chunk             |       |     4 |    12 |       ||    16
Armor: Scale mail        |    42 |    23 |    83 |       ||   148
       Ring mail         |       |       |    15 |     7 ||    22
Dodge: Dodged            |    31 |    24 |    77 |       ||   132
Block: Shield            |    33 |    32 |   110 |     1 ||   176
